 Dungeon Crawl Stone Soup version 0.29-a0-553-g81b289dbe5 (webtiles) character file.

Game seed: 12970942880609540645

490 testman the Cudgeller (level 7, -1/63 HPs)
             Began as a Meteoran Fighter on June 6, 2022.
             Was a Follower of Okawaru.
             Slain by an ogre
             ... wielding a +0 giant club
              (15 damage)
             ... on level 6 of the Dungeon.
             The game lasted 00:08:56 (1270 turns).

testman the Cudgeller (Meteoran Fighter)            Turns: 1270, Time: 00:08:56

Health: -1/63      AC:  8    Str: 19    XL:     7   Next: 64%
Magic:  10/10      EV:  9    Int: 11    God:    Okawaru [*.....]
Gold:   69         SH:  5    Dex: 13    Spells: 6/6 levels left

rFire   . . .      SeeInvis .   a - +0 flail
rCold   . . .      Faith    .   c - +0 buckler
rNeg    . . .      Spirit   .   b - +0 scale mail
rPois   .          Reflect  .   f - +0 helmet
rElec   .          Harm     .   (no cloak)
rCorr   +          Rampage  .   (no gloves)
Will    .....                   (no boots)
Stlth   ..........              (no amulet)
HPRegen 0.20/turn               t - ring of resist corrosion
MPRegen 0.12/turn               (no ring)

@: glowing
A: sense surroundings 1, otherworldly, glowing, explore regen
a: Renounce Religion, Heroism


You were on level 6 of the Dungeon.
You worshipped Okawaru.
Okawaru was aware of your devotion.
You visited 2 branches of the dungeon, and saw 7 of its levels.

You collected 69 gold pieces.

Inventory:

Hand Weapons
 a - a +0 flail (weapon)
Missiles
 j - 5 boomerangs (quivered)
 o - 11 poisoned darts
 v - 5 javelins
Armour
 b - a +0 scale mail (worn)
 c - a +0 buckler (worn)
 f - a +0 helmet (worn)
Jewellery
 t - a ring of resist corrosion (left hand)
Wands
 i - a wand of flame (16)
Scrolls
 d - a scroll of poison
 e - a scroll of blinking
 g - a scroll of acquirement {unknown}
 h - a scroll of enchant weapon {unknown}
 k - a scroll of enchant armour {unknown}
 m - 3 scrolls of teleportation {unknown}
 p - a scroll of summoning {unknown}
 r - 2 scrolls of amnesia {unknown}
 s - 3 scrolls of identify
 w - a scroll of immolation {unknown}
Potions
 l - a potion of flight {unknown}
 n - a potion of magic {unknown}
 q - 2 potions of curing {unknown}
 u - a potion of might


   Skills:
 + Level 6.1 Fighting
 + Level 6.6 Maces & Flails
 - Level 4.0 Armour
 - Level 4.0 Shields
 + Level 2.8 Invocations


You had 6 spell levels left.
You didn't know any spells.
Your spell library was empty.

Dungeon Overview and Level Annotations

Branches:
Dungeon (6/15)             Temple (1/1) D:4

Altars:
Cheibriados
Dithmenos
Elyvilon
Hepliaklqana
Okawaru
Qazlal
Vehumet
Xom
Zin
The Shining One

Annotations:
D:4 2 transporters, oldriver's ghost, weakling PaDe


Innate Abilities, Weirdness & Mutations

You passively map a small area around you.
You are easily found by Zot.
You glow in the dark.
You regain HP and MP as you explore.


Message History

You barely miss the jelly. You block the jelly's attack.
You hit the jelly.
Your hands burn!
The jelly is lightly wounded.
The jelly hits you but does no damage.
You hit the jelly but do no damage.
Your hands burn!
The jelly is lightly wounded.
The jelly closely misses you.
You sock the jelly!
Your hands burn!
The jelly is severely wounded.
The jelly hits you but does no damage. The jelly barely misses you.
You sock the jelly!
You kill the jelly!
Okawaru accepts your kill.
No target in view!
Magic restored.
HP restored.
An ogre comes into view. It is wielding a +0 giant club.
Found 14 stones.
The ogre hits you with a +0 giant club!!
You sock the ogre!
The ogre is moderately wounded.
You hit the ogre.
The ogre is heavily wounded.
The ogre closely misses you.
You hit the ogre.
The ogre is severely wounded.
The ogre hits you with a +0 giant club!
You are too injured to fight recklessly!
You are too injured to fight recklessly!
You are too injured to fight recklessly!
You are too injured to fight recklessly!
You closely miss the ogre.
The ogre is severely wounded.
The ogre hits you with a +0 giant club!
* * * LOW HITPOINT WARNING * * *
You barely miss the ogre.
The ogre is severely wounded.
You hit the ogre but do no damage.
The ogre is severely wounded.
The ogre hits you with a +0 giant club!
You die...

, * #.# *
#†#######
#######........
,
.........#####.
* ###......# *
, , ....####.#
* ,* ### * #.#
## , *
#.###.(.## *,,
#.@O......, ,
#.(....#.# ,
####.#.#, * *
#...# ,, ** #.#
* *.# * # * * ,


You could see an ogre.

Vanquished Creatures
  A black bear (D:4)
  An ogre (D:5)
  A scorpion (D:5)
  The ghost of logorrheac the Chucker, a weakling GnWn (D:3)
  A jelly (D:6)
  A hound (D:5)
  An iguana (D:6)
  3 adders
  4 gnolls (D:4)
  4 worms
  A dart slug (D:1)
  6 orcs (D:4)
  5 ball pythons
  6 endoplasms
  A giant cockroach (D:3)
  2 goblins (D:1)
  A hobgoblin (D:3)
  3 kobolds
  2 quokkas
  A bat (D:2)
  A frilled lizard (D:2)
  4 rats
51 creatures vanquished.

Notes
Turn   | Place    | Note
-------+----------+-------------------------------------------
     0 | D:1      | testman the Meteoran Fighter began the quest for the Orb.
     0 | D:1      | Reached XP level 1. HP: 19/19 MP: 2/2
    66 | D:1      | Reached XP level 2. HP: 24/26 MP: 3/3
   145 | D:2      | Reached XP level 3. HP: 3/31 MP: 4/4
   293 | D:3      | Reached XP level 4. HP: 40/40 MP: 5/5
   301 | D:3      | Found a runed translucent door.
   306 | D:3      | Noticed logorrheac's ghost (weakling GnWn)
   344 | D:3      | Killed logorrheac's ghost
   345 | D:3      | Reached XP level 5. HP: 43/47 MP: 6/6
   354 | D:3      | Found a runed translucent door.
   451 | D:4      | Noticed a black bear
   461 | D:4      | Killed a black bear
   462 | D:4      | Reached skill level 5 in Fighting
   462 | D:4      | Reached skill level 5 in Maces & Flails
   462 | D:4      | Reached XP level 6. HP: 46/56 MP: 7/7
   467 | D:4      | Found a staircase to the Ecumenical Temple.
   476 | Temple   | Entered the Ecumenical Temple
   533 | Temple   | Became a worshipper of Warmaster Okawaru
   592 | D:4      | Found a transporter.
   592 | D:4      | Noticed an ogre
   593 | D:4      | Noticed oldriver's ghost (weakling PaDe)
   597 | D:4      | Noticed an ogre
   612 | D:4      | Found a transporter.
   900 | D:5      | Entered Level 5 of the Dungeon
   926 | D:5      | Reached skill level 1 in Invocations
   926 | D:5      | Reached XP level 7. HP: 45/61 MP: 8/8
   959 | D:5      | HP: 3/62 [ogre/+0 giant spiked club (21)]
  1102 | D:5      | Reached * piety under Okawaru
  1270 | D:6      | Slain by an ogre

Illustrated notes

Levels and vault maps discovered:
D:1:      dpeg_arrival_leaves_temple_mockup, layout_loops_ring,
          ebering_ecumenical_altar_abandoned
D:2:      layout_basic, minmay_nonomino_d4
D:3:      layout_rooms, ebering_ghost_sewer_f
D:4:      layout_loops_ring, minmay_temple_entry_statues_fountains,
          gammafunk_ghost_smash, roderic_roman_lattice, uniq_natasha,
          uniq_menkaure
D:5:      layout_basic
D:6:      layout_loops_ring, serial_bayou_pond_c, minivault_10, uniq_grinder
Temple:   eino_wide_crystal_templ

Skill      XL: |  1  2  3  4  5  6  7 |
---------------+----------------------+-----
Maces & Flails | 3 4 5 6 |  6.6
Armour         | 4 |  4.0
Shields        | 4 |  4.0
Fighting       | 4 5 6 |  6.1
Invocations    | 1 2 |  2.8

Action                   |  1- 3 |  4- 6 |  7- 9 || total
-------------------------+-------+-------+-------++-------
Melee: Flail             |    70 |   112 |    33 ||   215
Throw: Boomerang         |       |     4 |     6 ||    10
Evoke: Wand              |       |     1 |       ||     1
  Use: Potion            |     1 |     1 |       ||     2
       Scroll            |       |     3 |       ||     3
Armor: Scale mail        |    37 |    32 |     4 ||    73
Dodge: Dodged            |    29 |    43 |    10 ||    82
Block: Buckler           |    23 |    24 |     4 ||    51

Table legend: (Time is in decaauts)
 A = Elapsed time spent in this place.
 B = Non-inter-level travel time spent in this place.
 C = Inter-level travel time spent in this place.
 D = Time resting spent in this place.
 E = Time spent auto-exploring this place.
 F = Levels seen in this place.
 G = Mean time per level.
                   A        B        C        D        E       F      G
               +--------+--------+--------+--------+--------+-----+--------+
         Total |   1340 |   1235 |    105 |    100 |    456 |   7 |  191.4 |
       Dungeon |   1271 |   1188 |     83 |    100 |    419 |   6 |  211.8 |
        Temple |     68 |     46 |     22 |      0 |     37 |   1 |   68.0 |
               +--------+--------+--------+--------+--------+-----+--------+

Top non-repeatable levels by time:
     D:5: 349 daAuts
     D:4: 343 daAuts
     D:3: 249 daAuts
     D:2: 229 daAuts
     D:1: 73 daAuts
  Temple: 68 daAuts
     D:6: 27 daAuts
